[Event "*** SCC Grand Prix: Titled Tuesday Blitz"]
[Site "Chess.com"]
[Date "2020.08.11"]
[Round "1"]
[White "ketster"]
[Black "lilleper1"]
[Result "0-1"]
[WhiteElo "2382"]
[BlackElo "2756"]
[TimeControl "180+1"]
[EndTime "10:08:31 PDT"]
[Termination "lilleper1 won by checkmate"]

1. d4 Nf6 2. c4 e6 3. g3 Bb4+ 4. Bd2 a5 5. Nf3 O-O 6. Bg2 d6 7. O-O Bxd2 8. Nbxd2 Nc6 9. e4 e5 10. d5 Ne7 11. c5 Nd7 12. cxd6 cxd6 13. Nc4 Nc5 14.
Nfd2 b5 15. Ne3 Ba6 16. Qc2 Rc8 17. Rfc1 Qb6 18. Bf1 Rc7 19. Qd1 Rfc8 20. b3 h5 21. Qxh5 g6 22. Qh6 Nd7 23. Rxc7 Qxc7 24. Qg5 f6 25. Qh6 Nf8 26. Bh3 Qc3 27. Rd1 Rc7 28. Ng4 Kf7 29. Qh8 Ng8 30. Nf1 Bc8 31. Nh6+ Nxh6 32.
Qxh6 Bxh3 33. Qxh3 Qc2 34. Rd2 Qxe4 35. Rd1 Qf5 36.
Qh6 Rc2 37. Rd2 Rc1 38. Qe3 Qb1 39. Qe2 Qa1 40. Qxb5 g5 41. Kg2 g4 42. h3 gxh3+ 43.
Kg1 h2+ 44. Kh1 Rxf1+ 45. Kxh2 Rh1+ 46. Kg2 Qg1+ 47. Kf3 Qe1 48. Re2 Qd1 49. Qb7+ Kg8 50. Qb5 f5 51. Kg2 Qf1+ 52. Kf3 Qh3 53. Qc4 Qh5+ 54.
Ke3 Rd1 55. Qc2 Rd4 56. Qc3 Qg5+ 57. Kf3 Qh5+ 58. Kg2 Qxe2 59. Qc7 Qe4+ 60. f3 Rd2+ 61. Kh3 Qxf3 62. Qe7 Qg4# 0-1

[Event "*** SCC Grand Prix: Titled Tuesday Blitz"]
[Site "Chess.com"]
[Date "2020.08.11"]
[Round "1"]
[White "alexrustemov"]
[Black "goofypenguin96"]
[Result "1-0"]
[WhiteElo "2655"]
[BlackElo "2313"]
[TimeControl "180+1"]
[EndTime "10:08:31 PDT"]
[Termination "alexrustemov won by checkmate"]

1. d4 g6 2. c4 Nf6 3. Nf3 Bg7 4. g3 O-O 5. Bg2 c6 6. O-O d5 7. Qb3 Ne4 8. Rd1 e6 9. Bf4 Nd7 10. Nc3 Nxc3 11. bxc3 Re8 12. a4 Nf6 13. a5 h6 14. Ne5 Nd7 15. Nd3 Qe7 16. e4 dxe4 17. Bxe4 g5 18. Be3 f5 19. Bg2 e5 20.
c5+ Kh8 21. dxe5 Nxe5 22. Nxe5 Bxe5 23. Bd4 Bxd4 24. cxd4 Be6 25. Qb2 Qg7 26. a6 Rab8 27.
Rab1 Re7 28. Re1 Kh7 29. Qc3 Bd5 30. Bxd5 cxd5 31. Rxe7 Qxe7 32. Re1 Qf7 33. axb7 Rxb7 34. Re5 f4 35. Qd3+ Kg7 36. Kg2 Rb2 37. Qf5 Rb3 38.
Qxf7+ Kxf7 39. gxf4 gxf4 40. Rxd5 Ke6 41. Rd6+ Kf5 42.
Rxh6 Kg4 43. h3+ Kg5 44. Rh7 a5 45. c6 Rc3 46. d5 a4 47. Ra7 a3 48. c7 Kh4 49. d6 f3+ 50. Kh2 Rc2 51. Ra4+ Kh5 52.
Kg3 a2 53. d7 Rxc7 54. d8=Q Rg7+ 55. Kxf3 Rd7 56. Qxd7 Kg6 57. Qe6+ Kg7 58. Ra7+ Kf8 59. Qc8# 1-0

[Event "*** SCC Grand Prix: Titled Tuesday Blitz"]
[Site "Chess.com"]
[Date "2020.08.11"]
[Round "1"]
[White "johnathan113"]
[Black "letsgoband"]
[Result "1-0"]
[WhiteElo "2703"]
[BlackElo "2351"]
[TimeControl "180+1"]
[EndTime "10:08:32 PDT"]
[Termination "johnathan113 won by checkmate"]

1. e4 e6 2. d4 d5 3. Nc3 Bb4 4.
e5 c5 5. Bd2 cxd4 6. Nb5 Bf8 7.
Nxd4 Nc6 8. Ngf3 Nge7 9. Bd3 Ng6 10. Qe2 Qb6 11. Bc3 Bc5 12. Nb3 Bb4 13. Bxb4 Nxb4 14. Bb5+ Bd7 15. Bxd7+ Kxd7 16. O-O Rac8 17. c3 Nc6 18. c4 dxc4 19. Rfd1+ Ke7 20. Qxc4 Rhd8 21. Qe4 Nb4 22. h4 h6 23. h5 Nf8 24. Qh4+ Ke8 25.
Nbd4 Nd5 26. Rab1 Qa5 27. a3 a6 28. Rd2 Rc4 29. Rbd1 Qc7 30. Qg3 Rc1 31. Qxg7 Rxd1+ 32. Rxd1 Nf4 33. Qxh6 Ne2+ 34. Nxe2 Rxd1+ 35. Kh2 Qc4 36. Ng3 Qd5 37. Qf4 Rb1 38. Ne4 Nd7 39. Nd6+ Kd8 40.
Qxf7 Qd1 41. Qxe6 Qh1+ 42. Kg3 Qxh5 43. Nxb7+ Kc7 44. Nd6 Rxb2 45. Qc4+ Kd8 46. e6 Qg6+ 47. Kh2 Qh5+ 48. Nh4 Ne5 49. Qc8+ Ke7 50. Nf5+ Kf6 51. Qf8+ Kg5 52. Qg7+ Ng6 53. Qxg6+ Qxg6 54. Nxg6 Kxg6 55. e7 Kf7 56. g4 Ke8 57. Kg3 Rb5 58. Kf4 Rb3 59.
g5 Rxa3 60. g6 Ra1 61. Kg5 Rg1+ 62. Kf6 Rxg6+ 63. Kxg6 a5 64. Kf6 a4 65. Ke6 a3 66.
Nd6# 1-0

[Event "*** SCC Grand Prix: Titled Tuesday Blitz"]
[Site "Chess.com"]
[Date "2020.08.11"]
[Round "1"]
[White "ThePatrick27"]
[Black "WonderChampion"]
[Result "1-0"]
[WhiteElo "2475"]
[BlackElo "1974"]
[TimeControl "180+1"]
[EndTime "10:08:32 PDT"]
[Termination "ThePatrick27 won by resignation"]

1. d4 d5 2. c4 e6 3. Nf3 c6 4. Nc3 dxc4 5. a4 Bb4 6. e4 b5 7. Be2 Nf6 8. Qc2 Bb7 9. O-O O-O 10. Bg5 Qd7 11. e5 Nd5 12. Ne4 Qc7 13. Bd2 Bxd2 14. Qxd2 Nd7 15. Rac1 a6 16. Qg5 h6 17. Qg3 f6 18. Bd1 fxe5 19. dxe5 Nf4 20. Kh1 c5 21. Nd6 Nxe5 22. Nxb7 Ned3 23. Rc3 Qxb7 24. axb5 axb5 25.
b3 cxb3 26. Bxb3 c4 27. Bd1 Qc6 28. Nd4 Qd5 29. Ne2 b4 30. Rc2 Qf5 31. Rxc4 Nxe2 32.
Bxe2 Nxf2+ 33. Kg1 Qg5 34. Qxg5 hxg5 35. Rxf2 Ra1+ 36. Bf1 Re8 37. Re2 Rea8 38. Rxb4 R1a3 39. Rbe4 R3a7 40. Rxe6 Rf7 41. Re8+ Rxe8 42. Rxe8+ Kh7 43. Bd3+ g6 44. Re3 Kg7 45. h3 Rd7 46. Rf3 Ra7 47. Kh2 Ra1 48. Rg3 Ra7 49. Be2 Kh6 50. Bg4 Re7 51. Rf3 Re5 52. Rf6 Kg7 53. Re6 Rd5 54. Kg3 Rd2 55. Bf3 Rd3 56. Kf2 Rd4 57. Ke3 Rd8 58. Be4 Rf8 59. Rxg6+ Kh8 60. Rxg5 Re8 61. Kf4 Rf8+ 62. Bf5 Re8 63. Rh5+ Kg8 64. Kg5 Re2 65. g4 Re3 66. h4 Rg3 67. Rh6 Re3 68. h5 Re7 69.
Re6 Rg7+ 70. Bg6 1-0

[Event "*** SCC Grand Prix: Titled Tuesday Blitz"]
[Site "Chess.com"]
[Date "2020.08.11"]
[Round "1"]
[White "GMBenjaminBok"]
[Black "2007checkmate"]
[Result "1-0"]
[WhiteElo "2906"]
[BlackElo "2432"]
[TimeControl "180+1"]
[EndTime "10:08:34 PDT"]
[Termination "GMBenjaminBok won by resignation"]

1. d4 d5 2. c4 dxc4 3. Nf3 c5 4. Nc3 cxd4 5. Qxd4 Qxd4 6. Nxd4 a6 7. e3 e5 8. Nf3 Nc6 9. Bxc4 Bd6 10. Ng5 Nh6 11.
Nge4 Be7 12. Nd5 O-O 13. Nxe7+ Nxe7 14. Bd2 b5 15. Bd3 Bb7 16. Bb4 Rfd8 17. Bxe7 Rxd3 18. Nc5 Rd5 19. Nxb7 Rd7 20. Bd6 f6 21. Bxe5 fxe5 22. Nc5 Rc7 23. Ne4 Rc2 24. b3 Rd8 25. O-O Nf5 26. h3 h6 27. Rfc1 Rdc8 28. Rd1 Rb2 29. Rd5 Rcc2 30. Rxe5 Nxe3 31. Re1 Nxg2 32. Kxg2 Rxa2 33.
Rd1 Rc7 34. Rd3 Rb2 35. Rg3 Rb7 36. Nd6 Rd7 37. Re6 Kh7 38. Reg6 Rc2 39. Nf5 Rcc7 40. h4 Rf7 41. Ne3 a5 42. Rb6 a4 43. bxa4 bxa4 44.
Rg4 Ra7 45. Rb2 h5 46. Rgb4 Rf6 47. Ra2 Rfa6 48. Ra3 Kh6 49. Nd5 g5 50. hxg5+ Kxg5 51. Nc3 h4 52. Rbxa4 Rxa4 53. Rxa4 Rc7 54. Ne4+ Kf4 55.
Nd2+ Kf5 56. Rxh4 Rg7+ 57. Kf1 Rd7 58. Nf3 Rd3 59. Ne1 Rd1 60. Ke2 Ra1 61. Ng2 Ra2+ 62. Kf3 Kg5 63. Re4 Ra3+ 64. Ne3 Ra8 65. Re5+ Kf6 66.
Rb5 Ra3 67. Ke4 Ke6 68. Rb6+ Kd7 69. f4 Ra4+ 70. Kf3 Ke7 71. Rb5 Ra3 72. Rc5 Kd6 73. Re5 Rb3 74. Kg4 Rb1 75. Nf5+ Kd7 76. Kg5 Rb6 77.
Ne3 Kd6 78. Nc4+ Kc6 79. Nxb6 Kxb6 80. Kf6 Kc6 81. Ke6 1-0

[Event "*** SCC Grand Prix: Titled Tuesday Blitz"]
[Site "Chess.com"]
[Date "2020.08.11"]
[Round "1"]
[White "ehrenfeld"]
[Black "Grineva_Marianna"]
[Result "1-0"]
[WhiteElo "2548"]
[BlackElo "2180"]
[TimeControl "180+1"]
[EndTime "10:08:35 PDT"]
[Termination "ehrenfeld won by resignation"]

1. e4 d6 2. d4 Nf6 3. Nc3 g6 4. Be3 a6 5. h3 Nbd7 6. f4 Bg7 7. Nf3 b5 8. e5 Nh5 9. Bd3 Ng3 10. Rg1 Bb7 11. Bf2 Nh5 12. Be3 Ng3 13. Kf2 b4 14. Kxg3 bxc3 15. bxc3 O-O 16. Kh2 c5 17. Rb1 Bc6 18.
Qe2 Qa5 19. Bd2 Qc7 20. e6 Nf6 21. exf7+ Rxf7 22. Ng5 cxd4 23. cxd4 e5 24. Nxf7 Qxf7 25. fxe5 dxe5 26. dxe5 Nd5 27. Rge1 Nf4 28. Bc4 Nxe2 29.
Bxf7+ Kxf7 30. Rxe2 Re8 31. e6+ Rxe6 32. Rxe6 Kxe6 33.
Rb6 Kd5 34. c4+ Kd6 35. Bf4+ Kd7 36. Rxa6 Bc3 37. Ra7+ Ke6 38. Rxh7 Be4 39. h4 Bd3 40. Rb7 Bf6 41. Rb6+ Kf5 42. Rxf6+ Kxf6 43. c5 Bb5 44. g4 Ke6 45. Kg3 Kf6 46. h5 gxh5 47. gxh5 Kf5 48. h6 Kg6 49. Kh4 Bc6 50. Be3 Bd5 51. a3 Bc6 52. Bf4 Bb5 53. Kg3 Bc6 54. Kf2 Be8 55. Ke3 Kf5 56. Kd4 Kg6 57. Ke5 Bc6 58.
Kd6 Ba4 59. c6 Kf5 60. c7 Kxf4 61. Ke7 Bc2 62. Kd8 Bf5 63. c8=Q Bxc8 64. Kxc8 Kg5 65. a4 Kxh6 66. a5 Kg5 67. a6 Kf4 68. a7 Ke3 69. a8=Q Kd2 70. Qd5+ Ke3 71. Qc4 Kf2 72. Qd3 1-0

[Event "*** SCC Grand Prix: Titled Tuesday Blitz"]
[Site "Chess.com"]
[Date "2020.08.11"]
[Round "1"]
[White "Ati1517"]
[Black "Dedic8"]
[Result "1/2-1/2"]
[WhiteElo "2418"]
[BlackElo "2828"]
[TimeControl "180+1"]
[EndTime "10:08:37 PDT"]
[Termination "Game drawn by repetition"]

1. d4 Nf6 2. c4 g6 3. Nc3 d5 4. cxd5 Nxd5 5. e4 Nxc3 6. bxc3 Bg7 7. Bb5+ c6 8. Ba4 O-O 9. Nf3 Qa5 10. Bd2 Bg4 11. O-O c5 12. Rb1 Bxf3 13. gxf3 Qc7 14.
e5 Nc6 15. Bxc6 Qxc6 16. Bg5 cxd4 17. cxd4 e6 18. Re1 f6 19. exf6 Bxf6 20. Bh6 Rfe8 21. Bf4 Rad8 22. Be5 Bxe5 23. Rxe5 b6 24. Qd3 Rf8 25.
Kg2 Rf4 26. Re4 Rf6 27. Rbe1 Rdf8 28. Qb3 Qd5 29. Qe3 Qxa2 30. Rh4 Qd5 31. Rh3 b5 32. Rc1 Rxf3 33. Rxf3 Rxf3 34. Qxf3 Qg5+ 35. Qg3 Qxc1 36.
Qb8+ Kg7 37. Qxb5 Kh6 38. h4 Qf4 39. Qc6 Qxd4 40. Qxe6 Qxh4 41. Qd7 Qg5+ 42. Kf1 Qc1+ 43. Kg2 Qc5 44. Qh3+ Qh5 45. Qd7 a5 46. Qf7 Qg5+ 47.
Kf1 Qf5 48. Qe7 Qd3+ 49. Kg2 Qd5+ 50. Kf1 a4 51. Qh4+ Kg7 52. Qe7+ Qf7 53. Qe5+ Qf6 54.
Qc7+ Kh6 55. Qh2+ Kg7 56. Qc7+ Kg8 57. Qc8+ Qf8 58. Qc4+ Qf7 59. Qc8+ Kg7 60. Qc3+ Qf6 61. Qc7+ 1/2-1/2

[Event "*** SCC Grand Prix: Titled Tuesday Blitz"]
[Site "Chess.com"]
[Date "2020.08.11"]
[Round "1"]
[White "djano"]
[Black "Man-Chuk"]
[Result "0-1"]
[WhiteElo "2409"]
[BlackElo "2831"]
[TimeControl "180+1"]
[EndTime "10:08:37 PDT"]
[Termination "Man-Chuk won by resignation"]

1. d4 Nf6 2. Bf4 g6 3. Nc3 d5 4. e3 Bg7 5. h4 h5 6. Nf3 c6 7.
Ne5 Nfd7 8. Nd3 b6 9. Qf3 Bb7 10.
O-O-O e6 11. Qg3 O-O 12. Be2 c5 13. Ne5 Nxe5 14. Bxe5 f6 15. Bxb8 Rxb8 16. Qxg6 Qe8 17. Bxh5 Qxg6 18. Bxg6 cxd4 19. exd4 Rbc8 20. Nb5 Rfd8 21.
Rhe1 a6 22. Nc3 Rc6 23. f4 f5 24. h5 Bf8 25. Ne2 Rdc8 26. c3 b5 27. Kd2 a5 28.
Rc1 Ba6 29. Ng1 b4 30. Nf3 bxc3+ 31. bxc3 Rb6 32. Rb1 Rcb8 33. Rxb6 Rxb6 34. Rc1 Ba3 35. Rc2 Bb5 36. h6 Ba4 37. h7+ Kg7 38. Ne5 Rb8 39.
Nf7 Kxg6 40. h8=Q Rxh8 41. Nxh8+ Kg7 42. Kd3 Bxc2+ 43. Kxc2 a4 44. c4 Bb4 45. c5 Kxh8 46.
c6 Bd6 47. g3 Kg7 48. Kc3 Kf7 49. c7 Bxc7 50. Kb4 Bb6 51. Kxa4 Bxd4 52. Kb5 Ke7 53. a4 Kd6 54. a5 Bf2 55. a6 Kc7 56. Ka5 Kc6 57.
a7 Bxa7 0-1

[Event "*** SCC Grand Prix: Titled Tuesday Blitz"]
[Site "Chess.com"]
[Date "2020.08.11"]
[Round "1"]
[White "mjray79"]
[Black "GiantThresher"]
[Result "0-1"]
[WhiteElo "2357"]
[BlackElo "2717"]
[TimeControl "180+1"]
[EndTime "10:08:38 PDT"]
[Termination "GiantThresher won by resignation"]

1. d4 Nf6 2. c4 e6 3. g3 d5 4. Bg2 dxc4 5. Nf3 Bd7 6. O-O Bc6 7. Qc2 Nbd7 8. Qxc4 Bd5 9. Qc2 Be4 10. Qd1 c5 11. Nc3 Bc6 12. Bg5 h6 13. Bf4 cxd4 14. Qxd4 Bc5 15.
Qd2 Nb6 16. Qc2 O-O 17. Rad1 Qe7 18. e4 Rac8 19. e5 Nfd5 20. Nd4 Bxd4 21. Rxd4 Nxc3 22. bxc3 Bxg2 23. Kxg2 Nd5 24. Bd2 Qc5 25. Rc1 Ne7 26. Qe4 Qc6 27. Qxc6 Nxc6 28. Rd7 Rfd8 29. Rxd8+ Rxd8 30.
Bf4 Rd5 31. Rb1 b6 32. Re1 g5 33. Bc1 Nxe5 34. Re4 Nd3 35. Be3 Nc5 36. Rb4 f6 37. a4 Kf7 38. a5 bxa5 39. Rb8 Ne4 40. Rb7+ Kg6 41. c4 Rd6 42. Rxa7 Rc6 43. Rxa5 Rxc4 44.
Ra6 Kf5 45. g4+ Ke5 46. h4 Nd6 47. hxg5 hxg5 48. Kf3 Rb4 49. Kg3 Rb3 50. Kf3 Nc4 51.
Ke2 Rb2+ 52. Kf3 Kd5 53. Ra8 Rb3 54. Rd8+ Kc6 55. Re8 Ne5+ 56. Kg3 Kd5 57. Rd8+ Kc6 58. Re8 Kd6 59. Rf8 Ke7 60. Ra8 Kf7 61. Ra7+ Kg6 62. Ra6 Kf7 63. Ra7+ Kg6 64. Ra6 Rb4 65. Ra7 Rxg4+ 66.
Kh2 Re4 67. Ra6 Ng4+ 68. Kg3 Nxe3 69. f3 Re5 0-1

[Event "*** SCC Grand Prix: Titled Tuesday Blitz"]
[Site "Chess.com"]
[Date "2020.08.11"]
[Round "1"]
[White "JonahWillow"]
[Black "Gulkov_Igor"]
[Result "0-1"]
[WhiteElo "2741"]
[BlackElo "2409"]
[TimeControl "180+1"]
[EndTime "10:08:39 PDT"]
[Termination "Gulkov_Igor won by resignation"]

1. e4 c5 2. Nf3 d6 3. d4 cxd4 4. Qxd4 Nc6 5. Bb5 Bd7 6. Bxc6 Bxc6 7. Nc3 Nf6 8. Bg5 e6 9. O-O-O Be7 10. Qd3 h6 11. Bh4 Qa5 12. Nd4 O-O 13. f4 Rfd8 14. Nb3 Qc7 15. Rhg1 a5 16. Nd4 d5 17. e5 Ne4 18.
Bxe7 Qxe7 19. Nxc6 bxc6 20. Nxe4 dxe4 21. Qxe4 Qc5 22. Rge1 Rd5 23. f5 Rad8 24. Rxd5 Rxd5 25. f6 g6 26. h4 Qb4 27. Qxb4 axb4 28. Re4 c5 29. a4 bxa3 30. bxa3 Kf8 31. a4 Ke8 32. Kb2 Kd7 33. Kc3 Kc6 34. g4 Rd1 35. Re2 Ra1 36.
Kb3 Rb1+ 37. Kc3 Rb4 38. Rd2 Rxa4 39. Rd8 Rxg4 40. Rf8 Kd5 41. Rxf7 Kxe5 42. Rf8 Rxh4 43. f7 Kf6 44. Rc8 Kxf7 45. Rxc5 g5 46. Kd2 Kf6 47. Ke3 Rh3+ 48. Kf2 h5 49. Kg2 g4 50. Rc8 Kg5 51.
c4 Rc3 52. c5 Rc2+ 53. Kf1 h4 54. c6 Kf4 55. c7 Kg3 56. Ke1 h3 57. Kd1 Rc4 58.
Kd2 Kg2 59. Kd3 Rc6 60. Rg8 g3 61. c8=Q Rxc8 62. Rxc8 h2 63. Rc2+ Kh3 64. Rc1 g2 65. Rc8 g1=Q 66. Rh8+ Kg2 67. Rg8+ Kf2 68. Rf8+ Ke1 69.
Ra8 Qf1+ 70. Ke3 Qf2+ 71. Kd3 Qf3+ 0-1

[Event "*** SCC Grand Prix: Titled Tuesday Blitz"]
[Site "Chess.com"]
[Date "2020.08.11"]
[Round "1"]
[White "Aygehovit1992"]
[Black "queen_iryna"]
[Result "1-0"]
[WhiteElo "2606"]
[BlackElo "2256"]
[TimeControl "180+1"]
[EndTime "10:08:40 PDT"]
[Termination "Aygehovit1992 won by resignation"]

1. e4 d6 2. d4 Nf6 3. Nc3 e5 4. Nf3 Nbd7 5. Bc4 Be7 6. O-O O-O 7. a4 c6 8. Re1 h6 9. h3 Re8 10. Be3 Bf8 11. Nh4 exd4 12. Bxd4 Nxe4 13. Rxe4 Rxe4 14. Bxf7+ Kxf7 15. Qh5+ Kg8 16. Nxe4 d5 17. Ng3 Nf6 18. Qg6 Qe8 19. Re1 Qxg6 20. Nxg6 Bd7 21. Bxf6 gxf6 22. Nh5 Kf7 23. Nh8+ Kg8 24. Nxf6+ Kxh8 25. Nxd7 Bg7 26. c3 b6 27. Re7 c5 28. f4 d4 29. f5 d3 30. f6 Bf8 31. Re3 c4 32. Kf2 Rd8 33. Nxf8 Rxf8 34. Rf3 Kg8 35. Rf4 Kf7 36.
Rxc4 Rd8 37. Rd4 Re8 38. Rxd3 Kxf6 39. Rf3+ Kg6 40. Re3 Rf8+ 41. Ke2 Rf5 42. g4 Ra5 43. b3 Rc5 44. c4 Rc6 45. Kd3 a5 46. Re5 Rd6+ 47. Rd5 Rf6 48. c5 bxc5 49. Rxc5 Rf3+ 50. Kc4 Rxh3 51. Rxa5 Rh4 52. Ra6+ Kg5 53. b4 Rxg4+ 54. Kc5 h5 55. Ra8 h4 56. Rh8 Kf4 57. b5 Kg3 58. a5 Rg5+ 59. Kb6 Rg7 60. a6 Rg6+ 61. Ka5 Rg7 62. b6 Rg5+ 63. Ka4 Rg4+ 64. Kb3 Rf4 65.
b7 Rf3+ 66. Kb4 Rf4+ 67. Kb5 Rf5+ 68. Kb6 Rf6+ 69. Ka7 Rf7 70. Ka8 1-0

[Event "*** SCC Grand Prix: Titled Tuesday Blitz"]
[Site "Chess.com"]
[Date "2020.08.11"]
[Round "1"]
[White "Alopekos"]
[Black "ftorodent"]
[Result "0-1"]
[WhiteElo "2308"]
[BlackElo "2652"]
[TimeControl "180+1"]
[EndTime "10:08:42 PDT"]
[Termination "ftorodent won on time"]

1. d4 f5 2. Nc3 Nf6 3. Bg5 d5 4. e3 g6 5. h4 Be6 6. h5 Nxh5 7. Rxh5 gxh5 8. Qxh5+ Bf7 9. Qh3 Qd7 10. Bb5 Nc6 11. Nf3 Bg7 12. O-O-O O-O-O 13. Na4 Rde8 14. Nc5 Qd6 15.
Qxf5+ e6 16. Qxf7 Rhg8 17. Bf4 Qe7 18. Qxe7 Rxe7 19. Bxc6 bxc6 20. g3 Bf8 21. Ne5 Re8 22. Ncd3 Kb7 23. Rh1 h6 24. Rh4 Be7 25. Rxh6 Rh8 26.
Rxe6 Rh1+ 27. Kd2 Bb4+ 28. Nxb4 Rxe6 29. Nbxc6 Rxc6 30. Nxc6 Kxc6 31. g4 Rg1 32. Bg3 Kd7 33.
b3 c6 34. c4 Ra1 35. cxd5 Rxa2+ 36. Kc3 cxd5 37. g5 Ke6 38. Kb4 Rc2 39. Be5 Kf5 40. f4 a6 41. Ka5 Rc6 42. b4 Ke4 43. b5 axb5 44. Kxb5 Re6 45. Kc5 Rg6 46. Bf6 Rg8 47. Kd6 Ra8 48. Ke6 Ra6+ 49. Kf7 Kf5 50. Be7 Re6 51.
Bc5 Rxe3 52. Kf8 Kg6 53. Kg8 Re8+ 54. Bf8 Re4 55. Bd6 Rxd4 56. Be5 Re4 57. Kf8 d4 58. Bxd4 Rxd4 59. f5+ Kxg5 60. f6 Kxf6 0-1

[Event "*** SCC Grand Prix: Titled Tuesday Blitz"]
[Site "Chess.com"]
[Date "2020.08.11"]
[Round "1"]
[White "PIwan"]
[Black "RaunakSadhwani2005"]
[Result "1-0"]
[WhiteElo "2459"]
[BlackElo "2949"]
[TimeControl "180+1"]
[EndTime "10:08:44 PDT"]
[Termination "PIwan won by resignation"]

1. c4 Nf6 2. Nc3 g6 3. e4 d6 4. d4 Bg7 5. f3 O-O 6. Bg5 c5 7.
d5 e6 8. Qd2 exd5 9. cxd5 a6 10. a4 Re8 11. Nge2 Nbd7 12. Ng3 Qb6 13. a5 Qc7 14.
Be2 h5 15. O-O b5 16. axb6 Qxb6 17. Rfe1 Nh7 18. Be3 h4 19. Nf1 h3 20. g4 Ne5 21.
Ng3 a5 22. Kh1 Ba6 23. f4 Nc4 24. Bxc4 Bxc4 25. e5 dxe5 26. f5 Rad8 27. Nge4 Nf6 28. Bxc5 Nxe4 29. Nxe4 Bxd5 30. Qxd5 Qxb2 31. Qa2 Qxa2 32. Rxa2 Rd5 33. f6 Bh6 34. g5 Bf8 35.
Rxa5 Red8 36. Bb6 Rd1 37. Ra1 Rxa1 38. Rxa1 Rc8 39. Bf2 Rc4 40. Nd2 Rc2 41. Be3 Bb4 42. Nf3 Rc3 43. Re1 Rd3 44. Re2 Rd1+ 45. Ng1 Kf8 46. Bf2 Bd6 47. Re3 Ke8 48. Rxh3 Kd7 49. Re3 Ke6 50. Kg2 Kf5 51. h4 e4 52. Ne2 Rd2 53.
Ng3+ Kg4 54. Rxe4+ Bf4 55. Ra4 Rc2 56. Nf1 Rb2 57. Ne3+ Kh5 58. Rxf4 Re2 59. Kg3 Rb2 60. Ng2 Rb4 61. Rf3 Rg4+ 62. Kh2 Rxg2+ 63. Kxg2 Kg4 64. Rg3+ Kh5 65. Re3 Kg4 66. Re7 Kh5 67. Rxf7 Kg4 68. Rg7 Kf5 69. f7 Ke6 70. f8=Q 1-0

[Event "*** SCC Grand Prix: Titled Tuesday Blitz"]
[Site "Chess.com"]
[Date "2020.08.11"]
[Round "1"]
[White "tvjosue"]
[Black "NotFischer"]
[Result "1-0"]
[WhiteElo "2503"]
[BlackElo "2097"]
[TimeControl "180+1"]
[EndTime "10:08:52 PDT"]
[Termination "tvjosue won by checkmate"]

1. Nf3 d5 2. c4 d4 3. e3 c5 4.
exd4 cxd4 5. g3 Nc6 6. Bg2 Nf6 7. O-O g6 8. d3 Bg7 9. Na3 O-O 10. Nc2 Bg4 11. h3 Bxf3 12. Qxf3 Qd6 13. Re1 Rfe8 14. Bd2 a5 15. Na3 Nb4 16. Nb5 Qb6 17. Bxb4 axb4 18.
Qxb7 Qxb7 19. Bxb7 Rab8 20. Bc6 Rec8 21. Bf3 e6 22. Nxd4 Nd7 23. Nc6 Bxb2 24. Nxb8 Nxb8 25. Rab1 Bc3 26. Red1 Rd8 27. Bb7 Nd7 28. Bc6 Nc5 29. Be4 f5 30. Bf3 Kf7 31. Be2 Ra8 32. d4 Ne4 33. Bf3 Rxa2 34. Bxe4 fxe4 35. d5 exd5 36. cxd5 Be5 37. d6 e3 38. fxe3 Bxg3 39. d7 Bf2+ 40. Kh1 Bh4 41. d8=Q Bxd8 42. Rxd8 Ra3 43. Rdd1 Kf6 44.
Rf1+ Kg5 45. Kg2 Rxe3 46. Rf3 Rc3 47. Rf2 Rc4 48. Rb3 Rd4 49. Rg3+ Kh5 50. Rg4 Rd3 51. Rg3 Rd4 52. Rgf3 Rc4 53. Rf4 Rc3 54. Rxb4 Rc5 55. Rg4 Rd5 56. Rg3 h6 57. Rgf3 g5 58. Rg3 Rd4 59. Rg4 Rd5 60. Rg3 Re5 61. Rgf3 Rd5 62. Rf6 Rd4 63. h4 Rxh4 64. R6f3 Rg4+ 65. Rg3 Re4 66. Rf6 Re2+ 67. Kf3 Rb2 68. Rh3# 1-0

[Event "*** SCC Grand Prix: Titled Tuesday Blitz"]
[Site "Chess.com"]
[Date "2020.08.11"]
[Round "1"]
[White "chezzgirl04"]
[Black "SzMM19"]
[Result "0-1"]
[WhiteElo "2024"]
[BlackElo "2485"]
[TimeControl "180+1"]
[EndTime "10:08:52 PDT"]
[Termination "SzMM19 won on time"]

1. e4 c5 2. Nf3 e6 3. d4 cxd4 4. Nxd4 Bc5 5. Nc3 Qb6 6. Be3 Nc6 7. Na4 Qa5+ 8. c3 Bxd4 9. Bxd4 Nxd4 10. Qxd4 e5 11. Qd6 Qxa4 12. Qxe5+ Ne7 13. Bb5 f6 14. Qxe7+ Kxe7 15. Bxa4 b6 16. O-O-O Rd8 17. Rd4 Bb7 18. Rhd1 d6 19. R1d3 Rac8 20. Bd1 b5 21. Rh3 h6 22. Bg4 Rc5 23. Bf5 a5 24. Rg3 Kf8 25. h4 Rc7 26.
Rgd3 Ke7 27. Kd1 Rc5 28. Ke1 Re5 29. b4 axb4 30. cxb4 Kf8 31. f3 d5 32. Kf2 Rde8 33.
Bg6 dxe4 34. fxe4 Bxe4 35. Bxe8 Bxd3 36. Bh5 Rxh5 37. Rxd3 Rxh4 38. a3 Rc4 39. Rd5 Rc3 40. Rxb5 Rxa3 41. Rb8+ Kf7 42. b5 f5 43. b6 Rb3 44. b7 Kg6 45. Ke2 Kg5 46. Kd2 Kg4 47. Kc2 Rb6 48. Kc3 g5 49. Kc4 Kg3 50. Kc5 Rb1 51. Kc6 Kxg2 52. Ra8 f4 53. Ra2+ Kg3 54.
Ra1 Rb2 55. Ra8 f3 56. Ra6 Rxb7 57. Kxb7 f2 0-1

[Event "*** SCC Grand Prix: Titled Tuesday Blitz"]
[Site "Chess.com"]
[Date "2020.08.11"]
[Round "1"]
[White "GregShahade"]
[Black "Valeron87"]
[Result "1-0"]
[WhiteElo "2699"]
[BlackElo "2348"]
[TimeControl "180+1"]
[EndTime "10:08:55 PDT"]
[Termination "GregShahade won on time"]

1. e4 c5 2. Nf3 Nc6 3. d4 cxd4 4. Nxd4 Nf6 5. Nc3 e5 6. Ndb5 d6 7. Bg5 a6 8. Na3 b5 9. Nd5 Be7 10. Bxf6 Bxf6 11. c4 b4 12. Nc2 O-O 13. g3 Bg5 14. Bg2 a5 15. O-O Be6 16. f4 exf4 17. gxf4 Bh4 18.
Kh1 Qb8 19. b3 Bd8 20. Nce3 Bb6 21. Qh5 Bxe3 22. Nxe3 Qb6 23. Rae1 Qc5 24. f5 f6 25. e5 Bf7 26. Qf3 Nxe5 27. Qg3 Rae8 28. Nd5 Kh8 29. Rd1 Nc6 30. Nc7 Re5 31. Bd5 Nd4 32. Bxf7 Rxf7 33. Nd5 Nxf5 34. Qh3 g6 35. Nf4 Kg7 36. Rd5 Rxd5 37.
Ne6+ Kg8 38. Nxc5 Rxc5 39. Re1 Kg7 40. Qd3 Rfc7 41. Re6 a4 42. Qe4 axb3 43. axb3 Ra7 44. Re8 Rca5 45. Qd3 Ra1+ 46. Kg2 R7a2+ 47. Kh3 Rh1 48.
Re2 Rxe2 49. Qxe2 Rc1 50. Qa2 Rc3+ 51. Kg2 h5 52. Qa7+ Kh6 53. Qa2 g5 54. Qf2 Kg6 55. Qa2 Nd4 56. Qb1+ Kh6 57. Qf1 Kg7 58. Qd1 Nxb3 59.
Qxd6 Rc2+ 60. Kf3 Na1 61. Qe7+ Kg6 62. Qe4+ Kh6 63. Qe6 Kg6 64. Qg8+ Kf5 65. Qh7+ Ke5 66. Qe7+ Kf5 67. Qxb4 Rc1 68. Qb5+ Kg6 69. c5 Nc2 70. Qd3+ Kh6 71. Qd6 Ne1+ 72. Ke2 Ng2 73. Qxf6+ Kh7 74. Qe7+ Kg6 75. Qd6+ Kf5 76. c6 Nf4+ 77. Kd2 1-0

[Event "*** SCC Grand Prix: Titled Tuesday Blitz"]
[Site "Chess.com"]
[Date "2020.08.11"]
[Round "1"]
[White "Orest_Vovk"]
[Black "Harsha_Bharathakoti"]
[Result "1/2-1/2"]
[WhiteElo "2426"]
[BlackElo "2852"]
[TimeControl "180+1"]
[EndTime "10:09:08 PDT"]
[Termination "Game drawn by repetition"]

1. h4 d5 2. h5 e5 3. h6 Nxh6 4. d4 Nc6 5. Bxh6 gxh6 6. dxe5 Nxe5 7. Nf3 Nxf3+ 8. exf3 Bg7 9. c3 c6 10. Bd3 Qe7+ 11.
Qe2 Qxe2+ 12. Kxe2 O-O 13. Nd2 Re8+ 14. Kd1 c5 15.
Bb5 Re7 16. Re1 Rxe1+ 17. Kxe1 Bf5 18. Kf1 a6 19. Be2 d4 20. cxd4 Bxd4 21. Ne4 b5 22. a4 b4 23. Rc1 Bxb2 24. Rxc5 Be6 25. Bc4 Bd4 26. Rc7 b3 27. Bxe6 fxe6 28. Rb7 b2 29. Ke2 Rc8 30. Kd3 Rc1 31. Nd2 Bf6 32. Rb6 Kf7 33. Rb7+ Kg6 34. f4 h5 35. g3 a5 36. Rb6 Kf5 37. f3 Rc3+ 38. Ke2 Rc1 39.
Rb5+ Kg6 40. Kd3 Ra1 41. Kc2 Rxa4 42. Rb6 Ra1 43. Nb1 Kf7 44. Rb7+ Ke8 45. Rb6 Kd7 46. Rb7+ Kc6 47. Ra7 a4 48. Ra6+ Kd5 49. Ra8 Bd4 50.
g4 h4 51. Rd8+ Kc5 52. Rc8+ Kb5 53. Rd8 Bf6 54. Rf8 h3 55. Rxf6 a3 56. Rh6 a2 57.
Nc3+ Kc4 58. Kxb2 Rf1 59. Nxa2 Rxf3 60. Nc1 Kd4 61. Kb1 Ke3 62. Rxh7 Kxf4 63. g5 Kxg5 64. Kc2 e5 65. Kd2 e4 66. Ne2 Kg4 67. Ke1 e3 68. Rg7+ Kh5 69. Rh7+ Kg6 70. Rh8 Kg5 71. Ng1 Rg3 72. Kf1 Kg4 73. Rg8+ Kh4 74. Rh8+ Kg4 75.
Rg8+ Kh4 76. Rh8+ Kg4 1/2-1/2